AoeStats
← theodb

MegaRandom

510475597Analyzed
3v3 RM · 12h ago on Oct 1, 2026· 54m 54s· 6 players
Game mode
Random Map
Map size
Normal (6 player)
Population
200
Speed
Normal
Resources
Standard
Victory
Conquest
Starting age
Dark Age
Ending age
Imperial Age
RankedLock teamsTeams togetherTeam positionsShared explorationLock speedFull tech treeHidden civsTurbo modeCheats
Victory
Defeat
🇷🇺 Mongols · Russia
1086
+15
🇺🇸 Slavs · United States
905
+23
🇦🇺 Britons · Australia
905
+70
🇺🇸 Japanese · United States
1099
-21
🇲🇽 Portuguese · Mexico
1071
-21
🇺🇸 Franks · United States
1009
-18
Hieronymous Bosch
7:05 Loom
10:25 Feudal Age
11:06 Man-at-Arms
11:39 Double-Bit Axe
13:34 Horse Collar
19:27 Castle Age
24:47 Wheelbarrow
23:57 Town Watch
theodb
5:57 Loom
9:46 Feudal Age
11:24 Wheelbarrow
17:57 Castle Age
18:28 Double-Bit Axe
19:55 Scale Barding Armor
21:47 Gold Mining
23:09 Chain Barding Armor
24:30 Husbandry
24:58 Town Watch
26:31 Gold Shaft Mining
27:26 Hand Cart
35:34 Bow Saw
37:33 Stone Mining
38:06 Fervor
39:27 Pikeman
40:08 Squires
43:36 Imperial Age
42:16 Forging
44:14 Cavalier
45:15 Block Printing
45:15 Masonry
45:26 Ballistics
44:48 Treadmill Crane
45:33 Conscription
45:15 Chivalry
46:23 Paladin
48:14 Plate Barding Armor
48:21 Iron Casting
54:11 Blast Furnace
53:04 Fletching
54:19 Chemistry
53:51 Architecture
53:59 Hoardings
R_FACELESS
4:31 Loom
10:12 Feudal Age
10:47 Double-Bit Axe
21:59 Castle Age
SpicyBoi
9:33 Feudal Age
11:03 Wheelbarrow
10:14 Loom
10:15 Double-Bit Axe
12:55 Man-at-Arms
20:32 Castle Age
19:24 Stone Mining
27:55 Gold Mining
29:42 Gold Shaft Mining
32:49 Bow Saw
33:17 Horse Collar
37:22 Heavy Plow
37:38 Forging
37:35 Scale Barding Armor
41:01 Imperial Age
40:12 Iron Casting
40:02 Chain Barding Armor
41:14 Hand Cart
42:02 Ballistics
43:21 Two-Man Saw
43:15 Bloodlines
43:05 Husbandry
44:08 Blast Furnace
43:54 Crop Rotation
44:53 Plate Barding Armor
43:58 Elite Boyar
45:35 Conscription
45:09 Fletching
45:34 Masonry
45:20 Murder Holes
45:39 Fortified Wall
47:18 Bodkin Arrow
50:40 Town Watch
53:07 Cavalier
Tog Rulgay
7:28 Loom
9:32 Loom
11:33 Feudal Age
16:24 Castle Age
14:47 Double-Bit Axe
14:47 Horse Collar
16:29 Bloodlines
19:11 Scale Barding Armor
20:33 Chain Barding Armor
23:43 Forging
27:12 Iron Casting
28:12 Fletching
30:18 Wheelbarrow
31:14 Bow Saw
31:06 Heavy Plow
33:29 Gold Mining
34:37 Hand Cart
35:37 Gold Shaft Mining
40:17 Imperial Age
38:43 Stone Mining
39:31 Town Watch
40:13 Ballistics
40:15 Bodkin Arrow
40:20 Padded Archer Armor
41:29 Stone Shaft Mining
41:31 Bracer
42:49 Chemistry
43:02 Leather Archer Armor
43:09 Husbandry
42:34 Elite Steppe Lancer
43:44 Parthian Tactics
45:08 Murder Holes
46:19 Blast Furnace
46:37 Conscription
46:48 Scale Mail Armor
46:32 Elite Mangudai
48:24 Fervor
48:23 Thumb Ring
48:33 Masonry
50:45 Drill
52:35 Hoardings
53:07 Siege Engineers
55:40 Chain Mail Armor
PureWar
8:19 Loom
16:00 Feudal Age
18:34 Wheelbarrow
19:22 Man-at-Arms
21:00 Horse Collar
27:04 Castle Age
27:35 Fletching
27:46 Padded Archer Armor
28:36 Bodkin Arrow
29:00 Pikeman
29:06 Long Swordsman
30:05 Gambesons
31:38 Elite Skirmisher
31:57 Crossbowman
37:18 Leather Archer Armor
37:20 Double-Bit Axe
39:51 Bow Saw
41:20 Stone Mining
44:13 Imperial Age
45:24 Conscription
44:30 Halberdier
Connection lost

Rejoining the realm…

Still unreachable

The connection could not be restored.

Session expired

The server has moved on; the page needs a fresh start.